 Dungeon Crawl Stone Soup version 0.20.1-1-g8b1a95d (webtiles) character file.

710 Internecine the Shooter (level 7, 0/60 HPs)
             Began as a Pale Draconian Wanderer on Oct 4, 2017.
             Was a Follower of Okawaru.
             Killed from afar by Ijyb (21 damage)
             ... with a wand of acid (?/15)
             ... on level 5 of the Dungeon.
             The game lasted 00:38:31 (4338 turns).

Internecine the Shooter (Pale Draconian Wanderer)   Turns: 4338, Time: 00:38:32

Health: 0/60       AC:  2    Str: 14    XL:     7   Next: 40%
Magic:  9/9        EV: 12    Int: 11    God:    Okawaru [*.....]
Gold:   101        SH:  0    Dex: 16    Spells: 2/8 levels left

rFire    . . .     SeeInvis .   p - +3 flail (crush)
rCold    . . .     Gourm    .   (no shield)
rNeg     . . .     Faith    .   (armour unavailable)
rPois    .         Spirit   .   (helmet restricted)
rElec    .         Reflect  .   (no cloak)
rCorr    .         Harm     .   (no gloves)
MR       .....                  (no boots)
Stlth    ++........             (no amulet)
Regen    0.2/turn               B - +2 ring of dexterity
MPRegen  0.2/turn               (no ring)

@: corroded
A: breathe steam, unfitting armour, cold-blooded, AC +6
a: Breathe Steam, Heroism, Renounce Religion


You were on level 5 of the Dungeon.
You worshipped Okawaru.
Okawaru was aware of your devotion.
You were not hungry.

You visited 2 branches of the dungeon, and saw 6 of its levels.
You also visited: Sewer.

You collected 101 gold pieces.

Inventory:

Hand Weapons
 a - a +2 shortbow
 e - a +0 blowgun
 m - a +0 short sword
 p - a +3 flail of crushing (weapon)
 q - a +0 hunting sling
 s - a +1 dagger of venom
 A - a +0 mace
Missiles
 b - 37 arrows
 d - 11 poisoned needles
 i - 120 stones (quivered)
 l - 96 sling bullets
 H - 4 javelins
Armour
 u - a +0 shield
Magical Staves
 J - a cursed staff of cold {unknown}
Jewellery
 B - a +2 ring of dexterity (left hand)
Scrolls
 c - a scroll of random uselessness {unknown}
 g - 2 scrolls of remove curse
 h - 3 scrolls of identify
 j - 3 scrolls of recharging
 n - 2 scrolls of fog {unknown}
 w - 2 scrolls of enchant armour {unknown}
 y - a scroll of noise {unknown}
 D - 2 scrolls of immolation {unknown}
 K - a scroll of teleportation {unknown}
Potions
 k - a potion of flight
 o - a potion of berserk rage {unknown}
 r - a potion of degeneration {unknown}
 t - a potion of cancellation {unknown}
 x - a potion of curing {unknown}
 C - a potion of might {unknown}
 E - a potion of agility {unknown}
Books
 v - a book of Minor Magic

   Spells                             Type                      Level
   a - Magic Dart                     Conjuration                  1
   b - Blink                          Translocation                2
   c - Call Imp                       Summoning                    2
   d - Slow                           Hexes                        2
   e - Conjure Flame                  Conjuration/Fire             3
   f - Mephitic Cloud                 Conjuration/Poison/Air       3
 G - a book of Flames

   Spells                             Type                      Level
   a - Flame Tongue                   Conjuration/Fire             1
   b - Throw Flame                    Conjuration/Fire             2
   c - Conjure Flame                  Conjuration/Fire             3
   d - Inner Flame                    Hexes/Fire                   3
   e - Sticky Flame                   Conjuration/Fire             4
   f - Fireball                       Conjuration/Fire             5
Comestibles
 f - 5 bread rations
 z - 4 fruits
 I - 3 meat rations


   Skills:
 + Level 4.8 Fighting
 + Level 1.4 Short Blades
 * Level 0.6 Maces & Flails
 + Level 6.5 Bows
 + Level 1.0 Throwing
 + Level 1.3 Dodging
 + Level 1.1 Stealth
 * Level 1.4 Spellcasting
 + Level 0.8 Translocations
 * Level 1.4 Fire Magic
   Level 1.1 Evocations


You had 2 spell levels left.
You knew the following spells:

 Your Spells              Type           Power        Failure   Level  Hunger
a - Blink                 Tloc           N/A          34%         2    ###....
b - Flame Tongue          Conj/Fire      #....        22%         1    ##.....
c - Conjure Flame         Conj/Fire      #.......     56%         3    ####...


Dungeon Overview and Level Annotations

Branches:
Dungeon (5/15)             Temple (1/1) D:4

Altars:
Ashenzari
Cheibriados
Dithmenos
Fedhas
Gozag
Hepliaklqana
Nemelex Xobeh
Okawaru
Ru
Sif Muna
Xom
The Shining One

Annotations:
D:5 Ijyb


Innate Abilities, Weirdness & Mutations

You can breathe blasts of scalding, opaque steam.
Your pale cyan-grey scales are hard. (AC +6)
You cannot fit into any form of body armour.
You are cold-blooded and may be slowed by cold attacks.


Message History

Press: ? - help, Shift-Dir - straight line, f/p - Ijyb
Aim: Ijyb, wielding an enchanted dagger and wearing a ring mail (moderately wounded)
You shoot an arrow. The arrow hits Ijyb.
Ijyb is heavily wounded.
Firing (i - inventory. (,) - cycle):
b - 38 arrows (quivered)
Press: ? - help, Shift-Dir - straight line, f/p - Ijyb
Aim: Ijyb, wielding an enchanted dagger and wearing a ring mail (heavily wounded)
You shoot an arrow. The arrow hits Ijyb but does no damage.
Ijyb is heavily wounded.
Ijyb zaps a wand.
The bolt of acid hits you! The acid corrodes you!
You are splashed with acid!
The acid burns!
It is a wand of acid (?/15).
Wield which item (- for none, * to show all)? (? for menu, Esc to quit)
p - a +3 flail of crushing (weapon)
You hit Ijyb. You tail-slap Ijyb, but do no damage.
Ijyb is heavily wounded.
Ijyb barely misses you.
You sock Ijyb!
Ijyb is almost dead.
Ijyb zaps a wand.
The bolt of acid hits you!
You die...

####.###. #. ##...(
.# #. ##....(..# #.
........ #. #..#(#.#
### #..#(..# #.. #.
.(..#. #.#
#.##g#.#.##### #.#
#...@........# #.#
##.#.##.####.# #.#
#.#.##.####.######.#
#.#.......#.##......
#.####.##.....<###.#
#......####.##.# #..
######......##.###.#
#########.....#
#######


You could see Ijyb.

Vanquished Creatures
  The ghost of Cadence the Stinger, an amateur HuVM (D:5)
  Edmund (D:4)
  A big kobold (Sewer)
  A scorpion (D:5)
  A jelly (D:5)
  2 worker ants
  3 river rats (Sewer)
  7 adders
  An adder skeleton (D:4)
  10 leopard geckos
  6 orcs
  10 bats
  7 giant cockroaches
  10 goblins
  10 hobgoblins
  11 jackals
  10 kobolds
  A quokka (D:4)
  2 frilled lizards
  11 rats
106 creatures vanquished.

Notes
Turn   | Place    | Note
-------+----------+-------------------------------------------
     0 | D:1      | Internecine the Draconian Wanderer began the quest for the Orb.
     0 | D:1      | Internecine set off with: a +2 shortbow, 27 arrows, a potion of lignification, 11 poisoned needles, a +0 blowgun, a bread ration
     0 | D:1      | Reached XP level 1. HP: 19/19 MP: 1/1
   123 | D:1      | Reached skill level 3 in Bows
   159 | D:1      | Found a sparkling altar of Nemelex Xobeh.
   203 | D:1      | Reached XP level 2. HP: 26/26 MP: 2/2
  1159 | D:2      | Reached XP level 3. HP: 33/33 MP: 3/3
  1715 | D:2      | Reached skill level 4 in Bows
  1761 | D:2      | Learned a level 2 spell: Blink
  1813 | D:2      | Reached XP level 4. HP: 32/40 MP: 4/4
  2872 | D:4      | Found a glowing drain.
  2886 | D:4      | Reached XP level 5. HP: 41/46 MP: 5/5
  2902 | Sewer    | Entered a sewer
  2988 | Sewer    | Reached skill level 5 in Bows
  3048 | Sewer    | Found a white marble altar of Elyvilon.
  3205 | D:4      | Learned a level 1 spell: Flame Tongue
  3234 | D:4      | Found a staircase to the Ecumenical Temple.
  3259 | Temple   | Entered the Ecumenical Temple
  3268 | Temple   | Became a worshipper of Warmaster Okawaru
  3296 | D:4      | Reached XP level 6. HP: 53/53 MP: 6/6
  3439 | D:4      | Found a shimmering altar of Xom.
  3586 | D:4      | Noticed Edmund
  3611 | D:4      | Killed Edmund
  3611 | D:4      | Reached skill level 6 in Bows
  3821 | D:5      | Entered Level 5 of the Dungeon
  3987 | D:5      | Noticed Cadence's ghost (amateur HuVM)
  3991 | D:5      | Learned a level 3 spell: Conjure Flame
  4029 | D:5      | Killed Cadence's ghost
  4029 | D:5      | Reached * piety under Okawaru
  4029 | D:5      | Reached skill level 1 in Dodging
  4029 | D:5      | Reached skill level 1 in Spellcasting
  4029 | D:5      | Reached skill level 1 in Fire Magic
  4029 | D:5      | Your scales start taking on a pale cyan-grey colour.
  4029 | D:5      | Reached XP level 7. HP: 49/60 MP: 6/9
  4327 | D:5      | Noticed Ijyb
  4338 | D:5      | Killed from afar by Ijyb

Skill      XL: |  1  2  3  4  5  6 |
---------------+-------------------+-----
Bows           | 3 4 5 6 |  6.5
Fighting       | 4 |  4.8
Dodging        | 1 |  1.3
Spellcasting   | 1 |  1.4
Fire Magic     | 1 |  1.4
Short Blades   | |  1.4
Maces & Flails | |  0.6
Throwing       | |  1.0
Stealth        | |  1.1
Translocations | |  0.8
Evocations     | |  1.1

Action                   |  1- 3 |  4- 6 |  7- 9 || total
-------------------------+-------+-------+-------++-------
Melee: Short sword       |     4 |       |       ||     4
       Dagger            |       |    35 |       ||    35
       Tailslap          |       |    13 |     1 ||    14
       Flail             |       |    29 |     9 ||    38
 Fire: Shortbow          |   116 |   166 |     6 ||   288
Throw: Stone             |       |     1 |       ||     1
 Cast: Blink             |       |     4 |       ||     4
       Flame Tongue      |       |     5 |       ||     5
  Use: Scroll            |       |     5 |       ||     5
       Potion            |       |     5 |       ||     5
  Eat: Chunk             |     3 |     5 |     1 ||     9
       Royal jelly       |       |     1 |       ||     1
Armor: Skin              |    21 |    39 |     1 ||    61
Dodge: Dodged            |    40 |    76 |     8 ||   124
